 Dungeon Crawl Stone Soup version 0.23.2-40-g277498a001 (webtiles) character file.

Game seed: 2323500895455185237

455 Curus the Insei (level 7, -7/48 HPs)
             Began as a Merfolk Transmuter on Sept 29, 2019.
             Killed by nerve-wracking pain
             ... invoked by Grinder
              (11 damage)
             ... on level 4 of the Dungeon.
             The game lasted 00:10:54 (1425 turns).

Curus the Insei (Merfolk Transmuter)                Turns: 1425, Time: 00:10:54

Health: -7/48      AC:  2    Str: 10    XL:     7   Next: 5%
Magic:  1/10       EV: 21    Int: 15    God:
Gold:   66         SH:  0    Dex: 19    Spells: 6/10 levels left

rFire    . . .     SeeInvis .     - Unarmed
rCold    . . .     Gourm    .   (shield currently unavailable)
rNeg     . . .     Faith    .   (armour currently unavailable)
rPois    x         Spirit   .   (helmet currently unavailable)
rElec    .         Reflect  .   (cloak currently unavailable)
rCorr    .         Harm     .   (gloves currently unavailable)
MR       .....                  (boots currently unavailable)
Stlth    ++........             (no amulet)
HPRegen  0.16/turn              (no ring)
MPRegen  0.12/turn              (no ring)

@: spider-form
A: tiny, (change form in water), (swift swim), (stealthy swim)
a: End Transformation


You were on level 4 of the Dungeon.
You were hungry.
You were a venomous arachnid creature.
You visited 1 branch of the dungeon, and saw 3 of its levels.

You collected 66 gold pieces.

Inventory:

Missiles
 a - 27 arrows
Armour
 b - a +0 robe (melded)
 g - a scarf of spirit shield (melded)
Scrolls
 c - 2 scrolls of identify
Potions
 e - a potion of curing
Comestibles
 d - 5 rations


   Skills:
 - Level 1.1 Fighting
 - Level 2.6 Dodging
 + Level 7.1 Unarmed Combat
 - Level 2.0 Spellcasting
 - Level 4.6 Transmutations
 - Level 2.8 Poison Magic


You had 6 spell levels left.
You knew the following spells:

 Your Spells              Type           Power        Failure   Level  Hunger
a - Beastly Appendage     Tmut           ###...       11%         1    #......
b - Spider Form           Tmut/Pois      ##........   32%         3    ###....

Your spell library contained the following spells:

 Spells                   Type           Power        Failure   Level  Hunger
 Sticks to Snakes         Tmut           ###.....     14%         2    ###....
 Ice Form                 Ice/Tmut       #.......     83%         4    #####..
 Blade Hands              Tmut           ###.......   85%         5    ######.


Dungeon Overview and Level Annotations

Branches:
Dungeon (2/15)

Altars:

Annotations:
D:4 Grinder


Message History

Grinder hits you.
* * * LOW HITPOINT WARNING * * *
You writhe in agony.
* * * LOW HITPOINT WARNING * * *
Okay, then.
Casting: Spider Form (safe; 14% risk of failure)
Confirm with . or Enter, or press ? or * to list all spells.
You turn into a venomous arachnid creature.
Your scarf of spirit shield melds into your body.
Your +0 robe melds into your body.
You feel strangely alone.
You are feeling hungry.
Grinder barely misses you.
You hit Grinder.
Grinder is severely wounded.
Grinder hits you but does no damage.
You barely miss Grinder.
Grinder is severely wounded.
Grinder gestures at you. Pain shoots through your body!
You die...

########################
................s5......
..........########.#####
..........'...# #
..........###.#
.###........#.####+####
.###+#..)..##.#.^......
............#.#........
............#.'........
..........#.###........


You could see Grinder.

Vanquished Creatures
  Eustachio (D:4)
  Edmund (D:4)
  An ogre (D:4)
  A hound (D:4)
  A jelly (D:4)
  2 adders (D:2)
  An orc (D:4)
  4 bats
  A giant cockroach (D:1)
  3 goblins
  5 hobgoblins
  A frilled lizard (D:1)
  2 kobolds (D:1)
  7 rats
31 creatures vanquished.

Notes
Turn   | Place    | Note
-------+----------+-------------------------------------------
     0 | D:1      | Curus the Merfolk Transmuter began the quest for the Orb.
     0 | D:1      | Reached XP level 1. HP: 15/15 MP: 3/3
   221 | D:1      | Reached XP level 2. HP: 19/21 MP: 5/5
   236 | D:1      | Reached skill level 4 in Unarmed Combat
   742 | D:2      | Reached XP level 3. HP: 25/26 MP: 4/6
   747 | D:2      | Learned a level 3 spell: Spider Form
  1057 | D:2      | You fall through a shaft for 2 floors!
  1059 | D:4      | Noticed Edmund
  1085 | D:4      | Killed Edmund
  1085 | D:4      | Reached XP level 4. HP: 23/32 MP: 4/7
  1085 | D:4      | Reached XP level 5. HP: 27/37 MP: 4/8
  1113 | D:4      | Noticed Eustachio
  1148 | D:4      | Killed Eustachio
  1148 | D:4      | Reached skill level 6 in Unarmed Combat
  1148 | D:4      | Reached XP level 6. HP: 23/43 MP: 2/9
  1276 | D:4      | Reached skill level 7 in Unarmed Combat
  1276 | D:4      | Reached XP level 7. HP: 12/48 MP: 6/10
  1404 | D:4      | Noticed Grinder
  1409 | D:4      | Paralysed by Grinder for 3 turns
  1425 | D:4      | Killed from afar by Grinder

Skill      XL: |  1  2  3  4  5  6 |
---------------+-------------------+-----
Unarmed Combat | 4 6 7 |  7.1
Transmutations | 4 |  4.6
Poison Magic   | 2 |  2.8
Fighting       | |  1.1
Dodging        | |  2.6
Spellcasting   | |  2.0

Action                   |  1- 3 |  4- 6 |  7- 9 || total
-------------------------+-------+-------+-------++-------
Melee: Unarmed           |   104 |    29 |    11 ||   144
       Headbutt          |     8 |       |       ||     8
 Cast: Beastly Appendage |     8 |       |       ||     8
       Spider Form       |     1 |     2 |     2 ||     5
  Use: Scroll            |     6 |       |       ||     6
       Potion            |     2 |     1 |       ||     3
 Stab: Sleeping          |     4 |       |       ||     4
  Eat: Chunk             |       |     2 |       ||     2
Armor: Robe              |    16 |     2 |       ||    18
       Skin              |       |       |     1 ||     1
Dodge: Dodged            |    53 |    19 |     6 ||    78
